 Dungeon Crawl Stone Soup version 0.29-a0-378-gc08b2e8bf8 (webtiles) character file.

Game seed: 15581301270554867097

252 ryw the Skirmisher (level 5, -8/44 HPs)
             Began as a Demonspawn Monk on May 5, 2022.
             Was a Follower of Dithmenos.
             Mangled by Edmund
             ... wielding a +2 flail of holy wrath
              (11 damage)
             ... on level 4 of the Dungeon.
             The game lasted 00:09:33 (3976 turns).

ryw the Skirmisher (Demonspawn Monk)                Turns: 3976, Time: 00:09:34

Health: -8/44      AC:  5    Str: 14    XL:     5   Next: 89%
Magic:  5/5        EV: 13    Int: 11    God:    Dithmenos [*.....]
Gold:   188        SH:  0    Dex: 15    Spells: 4/4 levels left

rFire   . . .      SeeInvis .     - Unarmed
rCold   . . .      Faith    .   (no shield)
rNeg    . . .      Spirit   .   a - +0 robe
rPois   .          Reflect  .   (no helmet)
rElec   .          Harm     .   (no cloak)
rCorr   .          Rampage  .   (no gloves)
Will    .....                   o - +0 pair of boots
Stlth   ++........              (no amulet)
HPRegen 0.14/turn               (no ring)
MPRegen 0.09/turn               (no ring)

@: wreathed by umbra
A: claws 1, thin metallic scales 1
a: Renounce Religion


You were on level 4 of the Dungeon.
You worshipped Dithmenos.
Dithmenos was aware of your devotion.
You visited 2 branches of the dungeon, and saw 5 of its levels.

You collected 188 gold pieces.

Inventory:

Hand Weapons
 b - a +2 hunting sling of flaming
Missiles
 d - 89 stones (quivered)
Armour
 a - a +0 robe (worn)
 o - a +0 pair of boots (worn)
Jewellery
 f - a ring of fire
Scrolls
 e - a scroll of amnesia
 g - 2 scrolls of fog
Potions
 c - a potion of ambrosia
 j - a potion of brilliance {unknown}
 k - 3 potions of flight
 l - a potion of curing


   Skills:
 - Level 5.2 Fighting
 + Level 1.0 Slings
 - Level 3.0 Dodging
 + Level 2.2 Stealth
 * Level 4.0 Unarmed Combat


You had 4 spell levels left.
You didn't know any spells.
Your spell library contained the following spells:

 Spells                   Type           Power      Damage    Failure   Level
 Freeze                   Ice            0%         1d3       34%         1
 Blink                    Tloc           0%         N/A       47%         2
 Frozen Ramparts          Ice            0%         1d2       71%         3
 Gell's Gravitas          Tloc           0%         N/A       71%         3
 Teleport Other           Tloc           0%         N/A       71%         3
 Hailstorm                Conj/Ice       0%         3d3       98%         4
 Manifold Assault         Tloc           0%         N/A       100%        5
 Dispersal                Tloc           0%         N/A       100%        6
 Storm Form               Tmut/Air       0%         N/A       100%        7


Dungeon Overview and Level Annotations

Branches:
Dungeon (4/15)             Temple (1/1) D:4

Altars:
Ashenzari
Cheibriados
Dithmenos
Elyvilon
Fedhas
Gozag
Hepliaklqana
Kikubaaqudgha
Makhleb
Nemelex Xobeh
Okawaru
Qazlal
Ru
Sif Muna
Trog
Uskayaw
Vehumet
Wu Jian
Xom
Yredelemnul
Zin
The Shining One

Annotations:
D:3 2 runed translucent doors, RandomusNamus's ghost, amateur OpTm
D:4 1 exclusion, Edmund; Pikel


Innate Abilities, Weirdness & Mutations

You have sharp fingernails.
You are partially covered in thin metallic scales. (AC +2)


Message History

There is an open door here.
You open the door.
There is an open door here.
You open the door.
Edmund and a giant cockroach come into view.
Edmund is wielding a +2 flail of holy wrath.
Edmund says, "I'm quite good with sums, too."
There is an open door here.
Your +2 hunting sling of flaming bursts into flame!
b - a +2 hunting sling of flaming (weapon)
You shoot a sling bullet. The sling bullet barely misses Edmund.
You shoot a sling bullet.
The sling bullet hits Edmund but does no damage.
Your +2 hunting sling of flaming stops flaming.
You are now empty-clawed.
You scratch Edmund.
Edmund is lightly wounded.
Edmund hits you with a +2 flail of holy wrath!
You convulse.
You scratch Edmund.
Edmund is lightly wounded.
Edmund hits you with a +2 flail of holy wrath!
You convulse!
* * * LOW HITPOINT WARNING * * *
You scratch Edmund but do no damage.
Edmund is lightly wounded.
Edmund says, "People accused me of being a cutpurse!"
Edmund hits you with a +2 flail of holy wrath.
* * * LOW HITPOINT WARNING * * *
You convulse.
* * * LOW HITPOINT WARNING * * *
Okay, then.
Unknown command.
Okay, then.
Edmund attacks as you move away! Edmund closely misses you.
Edmund says, "People think my brother is the best.
I think he's crazy."
There is an open door here.
Edmund attacks as you move away!
Edmund hits you with a +2 flail of holy wrath!
You die...

#......# #..B...#
#......# #+###
#......+ #....
#......# +[._. #'#
#.... #.# #+###
#@# #....
#####@### +##+#
#.......# #.
#.......# #.
#.......# +#
#.......#
#.......##....5..#
#.......##....5.K#
#.......##.....5.
#.......##......


You could see Edmund and a giant cockroach (asleep).

Vanquished Creatures
  A lemure (D:4)
  Blork the orc (D:4)
  A hound (D:4)
  Natasha (thrice) (D:3)
  A gnoll (D:1)
  2 adders
  A dart slug (D:2)
  6 ball pythons
  4 endoplasms
  A giant cockroach (D:1)
  8 goblins
  4 hobgoblins
  2 jackals (D:4)
  6 kobolds
  3 quokkas
  5 bats
  2 frilled lizards (D:2)
  6 rats
57 creatures vanquished.

Notes
Turn   | Place    | Note
-------+----------+-------------------------------------------
     0 | D:1      | ryw the Demonspawn Monk began the quest for the Orb.
     0 | D:1      | Reached XP level 1. HP: 18/18 MP: 1/1
   328 | D:1      | Gained mutation: You are partially covered in thin metallic
                  | scales. (AC +2) [demonic ancestry]
   328 | D:1      | Reached XP level 2. HP: 23/24 MP: 2/2
   519 | D:1      | Found a faded altar of an unknown god.
   680 | D:1      | Reached skill level 4 in Fighting
  1109 | D:2      | Reached XP level 3. HP: 27/30 MP: 3/3
  1758 | D:3      | Noticed RandomusNamus's ghost (amateur OpTm)
  1758 | D:3      | Found a large runed translucent door.
  1758 | D:3      | Found a large runed translucent door.
  1877 | D:3      | Noticed Natasha
  1889 | D:3      | Killed Natasha
  1890 | D:3      | Reached skill level 5 in Fighting
  1890 | D:3      | Gained mutation: You have sharp fingernails. [demonic
                  | ancestry]
  1890 | D:3      | Reached XP level 4. HP: 17/39 MP: 4/4
  2042 | D:3      | Noticed Natasha
  2047 | D:3      | Killed Natasha
  2188 | D:3      | Noticed Natasha
  2195 | D:3      | Killed Natasha
  2196 | D:3      | Reached XP level 5. HP: 44/44 MP: 5/5
  2705 | D:4      | Found a staircase to the Ecumenical Temple.
  2768 | Temple   | Entered the Ecumenical Temple
  3001 | Temple   | Became a worshipper of Dithmenos the Shadowed
  3001 | Temple   | Reached * piety under Dithmenos
  3001 | Temple   | Reached ** piety under Dithmenos
  3459 | D:4      | Found an iron altar of Okawaru.
  3504 | D:4      | Noticed Pikel
  3504 | D:4      | Noticed a lemure
  3504 | D:4      | Noticed a lemure
  3504 | D:4      | Noticed a lemure
  3504 | D:4      | Noticed a lemure
  3572 | D:4      | Killed a lemure
  3707 | D:4      | Noticed Blork the orc
  3721 | D:4      | Killed Blork the orc
  3722 | D:4      | Reached skill level 1 in Slings
  3964 | D:4      | Noticed Edmund
  3976 | D:4      | Mangled by Edmund

Illustrated notes

Levels and vault maps discovered:
D:1:      dpeg_arrival_arbitrary_a, layout_basic,
          shapermc_ecumenical_altar_ellora
D:2:      layout_loops_ring
D:3:      layout_rooms, ebering_ghost_disaster_area, uniq_natasha
D:4:      kennysheep_goblin_castle, layout_basic, mainiacjoe_overflow_24_doors,
          minmay_temple_entry_stoned_glass, uniq_edmund, uniq_blork_the_orc,
          uniq_pikel
Temple:   mainiacjoe_temple_starburst

Skill      XL: |  1  2  3  4  5 |
---------------+----------------+-----
Fighting       | 4 5 |  5.2
Unarmed Combat | 3 4 |  4.0
Stealth        | 2 |  2.2
Slings         | 1 |  1.0
Dodging        | 3 |  3.0

Action                   |  1- 3 |  4- 6 || total
-------------------------+-------+-------++-------
Melee: Unarmed           |   173 |    49 ||   222
       Punch             |     3 |     3 ||     6
 Fire: Hunting sling     |     5 |    30 ||    35
  Use: Scroll            |     4 |     6 ||    10
       Potion            |     1 |     2 ||     3
 Stab: Sleeping          |     4 |     1 ||     5
Armor: Robe              |    62 |    14 ||    76
       Skin              |       |     2 ||     2
Dodge: Dodged            |   116 |    50 ||   166

Table legend: (Time is in decaauts)
 A = Elapsed time spent in this place.
 B = Non-inter-level travel time spent in this place.
 C = Inter-level travel time spent in this place.
 D = Time resting spent in this place.
 E = Time spent auto-exploring this place.
 F = Levels seen in this place.
 G = Mean time per level.
                   A        B        C        D        E       F      G
               +--------+--------+--------+--------+--------+-----+--------+
         Total |   3972 |   3770 |    202 |    754 |   2290 |   5 |  794.4 |
       Dungeon |   3367 |   3212 |    155 |    754 |   1799 |   4 |  841.8 |
        Temple |    604 |    557 |     47 |      0 |    491 |   1 |  604.0 |
               +--------+--------+--------+--------+--------+-----+--------+

Top non-repeatable levels by time:
     D:1: 1099 daAuts
     D:3: 921 daAuts
     D:4: 694 daAuts
     D:2: 652 daAuts
  Temple: 604 daAuts
